 Dungeon Crawl Stone Soup version 0.28.0-53-g5a82cb258f (webtiles) character file.

Game seed: 17938800213666207237

39 Legadrian the Insei (level 3, -1/26 HPs)
             Began as a Human Transmuter on July 1, 2022.
             Slain by a gnoll
             ... wielding a +0 spear
              (3 damage)
             ... on level 2 of the Dungeon.
             The game lasted 00:04:07 (1180 turns).

Legadrian the Insei (Human Transmuter)              Turns: 1180, Time: 00:04:07

Health: -1/26      AC:  2    Str: 10    XL:     3   Next: 67%
Magic:  5/6        EV: 12    Int: 15    God:
Gold:   9          SH:  0    Dex: 13    Spells: 5/6 levels left

rFire   . . .      SeeInvis .     - Unarmed
rCold   . . .      Faith    .   (no shield)
rNeg    + . .      Spirit   .   a - +0 robe
rPois   .          Reflect  .   (helmet currently unavailable)
rElec   .          Harm     .   (no cloak)
rCorr   .          Rampage  .   (no gloves)
Will    .....                   (boots currently unavailable)
Stlth   +.........              (no amulet)
HPRegen 0.08/turn               g - ring of positive energy
MPRegen 0.10/turn               (no ring)

@: appendages (expiring)
A: horns 2, talons 2
a: End Transformation


You were on level 2 of the Dungeon.
You had temporarily grown beastly horns and talons.
You visited 1 branch of the dungeon, and saw 2 of its levels.

You collected 9 gold pieces.

Inventory:

Armour
 a - a +0 robe (worn)
Jewellery
 g - a ring of positive energy (left hand)
Scrolls
 h - a scroll of teleportation
Potions
 b - a potion of invisibility {unknown}
 c - a potion of brilliance {unknown}
 e - 3 potions of curing {unknown}
 f - a potion of berserk rage {unknown}


   Skills:
 - Level 1.0 Fighting
 - Level 2.0 Dodging
 + Level 4.4 Unarmed Combat
 - Level 2.0 Spellcasting
 - Level 2.0 Transmutations


You had 5 spell levels left.
You knew the following spells:

 Your Spells              Type           Power      Damage    Failure   Level
a - Beastly Appendage     Tmut           14%        N/A       10%         1

Your spell library contained the following spells:

 Spells                   Type           Power      Damage    Failure   Level
 Wereblood                Tmut           7%         N/A       14%         2
 Spider Form              Tmut/Pois      4%         N/A       41%         3
 Ice Form                 Ice/Tmut       4%         N/A       82%         4


Dungeon Overview and Level Annotations

Branches:
Dungeon (2/15)

Altars:


Innate Abilities, Weirdness & Mutations

You have temporarily grown beastly horns and talons.


Message History

Confirm with . or Enter, or press ? or * to list all spells.
You miscast Beastly Appendage.
You are very lightly contaminated with residual magic.
Nothing appears to happen.
You hit the gnoll.
The gnoll is moderately wounded.
The gnoll hits you with a +0 whip!
Casting: Beastly Appendage (safe; 10% risk of failure)
Confirm with . or Enter, or press ? or * to list all spells.
You grow a pair of large bovine horns.
Your feet morph into talons.
A gnoll comes into view. It is wielding a +0 whip.
The gnoll misses you.
You closely miss the gnoll. You claw the gnoll.
The gnoll is heavily wounded.
The gnoll misses you. x2
You completely miss the gnoll. Your kick misses the gnoll.
You headbutt the gnoll.
The gnoll is almost dead.
The gnoll hits you from afar with a +0 spear.
You closely miss the gnoll. You claw the gnoll.
You kill the gnoll!
The gnoll misses you.
The gnoll hits you from afar with a +0 spear.
The gnoll barely misses you. x2
Your magical contamination has completely faded away.
You hit the gnoll.
The gnoll is lightly wounded.
The gnoll closely misses you.
You hit the gnoll. You claw the gnoll. You headbutt the gnoll.
The gnoll is severely wounded.
Your transformation is almost over.
The gnoll hits you with a +0 spear. The gnoll closely misses you.
You closely miss the gnoll. Your kick misses the gnoll.
Your punch misses the gnoll.
The gnoll is severely wounded.
The gnoll hits you with a +0 spear.
* * * LOW HITPOINT WARNING * * *
The gnoll hits you but does no damage.
The gnoll hits you from afar with a +0 spear.
You die...

......#.#.#..#.........##
......#.#$#..#...........
......#.#.#...........#
......#.# #...........#
......#.# #.<.........#
........# ...##.gg..#.#
.......#### ##g####
..........### #.#
...†..###...####@##
#####.# ###.......# #.#
#.......# #.#
#.......###.. #.#
#..........>
##[#####.......#..#
##.......###<..#.##
########### #.....#
...g### ###..##


You could see 3 gnolls.

Vanquished Creatures
  A gnoll (D:2)
  A worm (D:2)
  3 endoplasms (D:1)
  4 giant cockroaches (D:1)
  A hobgoblin (D:1)
  A quokka (D:1)
  2 ball pythons (D:1)
  3 bats (D:1)
  A frilled lizard (D:1)
  3 kobolds (D:1)
  6 rats (D:1)
26 creatures vanquished.

Notes
Turn   | Place    | Note
-------+----------+-------------------------------------------
     0 | D:1      | Legadrian the Human Transmuter began the quest for the Orb.
     0 | D:1      | Reached XP level 1. HP: 15/15 MP: 3/3
   174 | D:1      | Reached XP level 2. HP: 20/21 MP: 5/5
   619 | D:1      | Found a faded altar of an unknown god.
   765 | D:1      | Reached skill level 4 in Unarmed Combat
   765 | D:1      | Reached XP level 3. HP: 20/26 MP: 3/6
  1180 | D:2      | Slain by a gnoll

Illustrated notes

Levels and vault maps discovered:
D:1:      psy_arrival_fountain, layout_rooms,
          ebering_ecumenical_altar_petrified, eino_curves_04,
          nicolae_concentric_dashed_squares_wild
D:2:      layout_rooms, serial_co_window_serial, co_window_paths_a,
          co_window_of_opportunity_a, co_window_paths_a, co_window_corner_a,
          co_window_paths_a, co_window_corner_ca, co_window_broadway_b,
          co_window_of_opportunity_b, co_window_corner_b, co_window_2corner,
          co_window_of_opportunity_b, co_window_corner_b, co_window_paths_e,
          glass_columns_a, glass_columns_b, glass_columns_b, uniq_robin

Skill      XL: |  1  2 |
---------------+-------+-----
Unarmed Combat | 4 |  4.4
Fighting       | |  1.0
Dodging        | |  2.0
Spellcasting   | |  2.0
Transmutations | |  2.0

Action                   || total
-------------------------++-------
Melee: Unarmed           ||    79
       Kick              ||    10
       Headbutt          ||     5
       Punch             ||     1
 Cast: Beastly Appendage ||    10
  Use: Scroll            ||     1
 Stab: Sleeping          ||     1
Armor: Robe              ||    16
Dodge: Dodged            ||    57
